 Dungeon Crawl Stone Soup version 0.27-a0-67-g4bfc8a49e1 (webtiles) character file.

Game seed: 7456396935895843018

67 wythoutpain the Sneak (level 3, -1/16 HPs)
             Began as a Spriggan Enchanter on Jan 9, 2021.
             Slain by a hobgoblin
             ... wielding a +0 club
              (5 damage)
             ... on level 2 of the Dungeon.
             The game lasted 00:09:24 (1971 turns).

wythoutpain the Sneak (Spriggan Enchanter)          Turns: 1971, Time: 00:09:24

Health: -1/16      AC:  3    Str:  5    XL:     3   Next: 98%
Magic:  7/9        EV: 18    Int: 16    God:
Gold:   65         SH:  0    Dex: 16    Spells: 0/9 levels left

rFire    . . .     SeeInvis +   a - +1 dagger
rCold    . . .     Faith    .   (shield restricted)
rNeg     . . .     Spirit   .   b - +0 robe
rPois    .         Reflect  .   (helmet restricted)
rElec    .         Harm     .   e - +0 cloak
rCorr    .         Rampage  .   (gloves unavailable)
Will     .....                  (boots unavailable)
Stlth    +++.......             (no amulet)
HPRegen  0.05/turn              (no ring)
MPRegen  0.11/turn              (no ring)

@: lethally poisoned (-1 -> -11), confusing touch, very quick
A: very small, unfitting armour, see invisible, speed 3
a: no special abilities


You were on level 2 of the Dungeon.
You visited 1 branch of the dungeon, and saw 2 of its levels.

You collected 65 gold pieces.

Inventory:

Hand Weapons
 a - a +1 dagger (weapon)
Missiles
 h - 27 sling bullets
 i - 30 stones
 k - 24 arrows
Armour
 b - a +0 robe (worn)
 e - a +0 cloak (worn)
Scrolls
 c - 2 scrolls of teleportation
 d - 4 scrolls of identify
 j - a scroll of random uselessness {unknown}
 l - a scroll of enchant armour {unknown}
Potions
 f - a potion of mutation
 g - 2 potions of lignification
 m - a potion of magic {unknown}


   Skills:
 + Level 0.1 Fighting
 + Level 1.8 Short Blades
 + Level 3.0 Dodging
 + Level 5.3 Stealth
 + Level 3.9 Spellcasting
 + Level 4.1 Hexes
 + Level 0.1 Ice Magic


You couldn't memorise any spells.
You knew the following spells:

 Your Spells              Type           Power        Failure   Level
a - Corona                Hex            17%          3%          1
b - Ensorcelled Hibernat  Hex/Ice        18%          11%         2
c - Confusing Touch       Hex            16%          10%         3
d - Tukima's Dance        Hex            16%          10%         3

Your spell library contained the following spells:

 Spells                   Type           Power        Failure   Level
 Dazzling Flash           Conj/Hex       18%          22%         3


Dungeon Overview and Level Annotations

Branches:
Dungeon (2/15)

Altars:


Innate Abilities, Weirdness & Mutations

You are very small and have problems with some larger weapons.
You are too small for most types of armour.
You have supernaturally acute eyesight. (SInv)
You cover ground extremely quickly.


Message History

Your hands begin to glow red.
The hobgoblin closely misses you.
You barely miss the hobgoblin. The adder bites you.
You are poisoned.
The adder poisons you! The hobgoblin closely misses you.
You closely miss the adder.
You feel sick. The adder barely misses you.
The hobgoblin hits you with a +0 club.
You barely miss the adder. The adder bites you.
The hobgoblin hits you with a +0 club. The adder closely misses you.
You hit the adder but do no damage. The adder closely misses you.
You hit the adder but do no damage. The hobgoblin barely misses you.
The adder barely misses you.
You barely miss the adder.
You feel sick. The adder bites you.
You are lethally poisoned!
The adder poisons you! The hobgoblin hits you with a +0 club.
* * * LOW HITPOINT WARNING * * *
You hit the adder but do no damage. The adder closely misses you.
The hobgoblin hits you with a +0 club.
You die...

.#.####...###
...........# #..........#
#........>.#
##.........>..#
##.............###
#...<.......... ..
###..#..........# #.
#.S@.#..........###.
####.##g#..............
.S.....w###.#####......
.........##..##...#....
......w.....##..#.##.....
.....$......###>#.##.....
...).$......# #...##.....
.........(..# #..##......
..........# #..#..#....


You could see a worm, an adder and a hobgoblin.

Vanquished Creatures
  An adder (D:2)
  A worm (D:1)
  2 dart slugs (D:1)
  4 leopard geckos
  4 bats
  A giant cockroach (D:1)
  8 goblins
  6 hobgoblins
  2 jackals (D:2)
  10 kobolds
  6 rats
45 creatures vanquished.

Notes
Turn   | Place    | Note
-------+----------+-------------------------------------------
     0 | D:1      | wythoutpain the Spriggan Enchanter began the quest for the
                  | Orb.
     0 | D:1      | Reached XP level 1. HP: 9/9 MP: 5/5
    82 | D:1      | Reached XP level 2. HP: 8/13 MP: 2/7
   340 | D:1      | Learned a level 2 spell: Ensorcelled Hibernation
   474 | D:1      | Reached skill level 5 in Stealth
   918 | D:1      | Reached XP level 3. HP: 16/16 MP: 3/8
  1718 | D:2      | Learned a level 3 spell: Confusing Touch
  1722 | D:2      | Learned a level 3 spell: Tukima's Dance
  1971 | D:2      | Slain by a hobgoblin

Illustrated notes

Levels and vault maps discovered:
D:1:      dpeg_arrival_brainrot, layout_loops_cross, chequers_arboretum
D:2:      layout_rooms

Skill      XL: |  1  2 |
---------------+-------+-----
Spellcasting   | 3 |  3.9
Stealth        | 5 |  5.3
Hexes          | 4 |  4.1
Fighting       | |  0.1
Short Blades   | |  1.8
Dodging        | |  3.0
Ice Magic      | |  0.1

Action                   || total
-------------------------++-------
Melee: Dagger            ||   126
 Cast: Corona            ||    25
       Ensorcelled Hiber ||    16
       Confusing Touch   ||     2
  Use: Scroll            ||     3
 Stab: Sleeping          ||    18
Armor: Robe              ||     8
Dodge: Dodged            ||    87

Table legend: (Time is in decaauts)
 A = Elapsed time spent in this place.
 B = Non-inter-level travel time spent in this place.
 C = Inter-level travel time spent in this place.
 D = Time resting spent in this place.
 E = Time spent auto-exploring this place.
 F = Levels seen in this place.
 G = Mean time per level.
                   A        B        C        D        E       F      G
               +--------+--------+--------+--------+--------+-----+--------+
         Total |   1586 |   1547 |     39 |    190 |    993 |   2 |  793.0 |
       Dungeon |   1586 |   1547 |     39 |    190 |    993 |   2 |  793.0 |
               +--------+--------+--------+--------+--------+-----+--------+

Top non-repeatable levels by time:
     D:1: 1033 daAuts
     D:2: 553 daAuts
